 Dungeon Crawl Stone Soup version 0.28.0-47-ge53b351184 (webtiles) character file.

Game seed: 4251355879667294498

80770 Exodus22XD the Severer (level 14, -5/136 HPs)
             Began as a Minotaur Fighter on May 8, 2022.
             Was the Champion of Jiyva.
             Slain by Arachne
             ... wielding a staff of poison
              (23 damage)
             ... on level 2 of the Spider Nest.
             The game lasted 00:46:16 (13024 turns).

Exodus22XD the Severer (Minotaur Fighter)          Turns: 13024, Time: 00:46:17

Health: -5/136     AC: 32    Str: 30    XL:     14   Next: 84%
Magic:  4/13       EV:  6    Int:  5    God:    Jiyva [******]
Gold:   1834       SH:  0    Dex: 12    Spells: 13/13 levels left

rFire   + . .      SeeInvis +   a - +4 battleaxe (elec)
rCold   . . .      Faith    .   (shield currently unavailable)
rNeg    + . .      Spirit   .   B - +13 crystal plate armour "Atuih" {Contam rElec rF+}
rPois   .          Reflect  .   (helmet restricted)
rElec   +          Harm     .   b - scarf {repulsion}
rCorr   +          Rampage  .   E - +0 pair of gloves {infuse}
Will    +++..                   i - +0 pair of boots
Stlth   ..........              (no amulet)
HPRegen 1.92/turn               D - ring of positive energy
MPRegen 0.63/turn               l - ring of the Locust {AC+4 Slay+5}

@: lethally poisoned (-5 -> -10), slimy, corroded, calling ooze, slowed, repel
missiles, very slow
A: horns 2, retaliatory headbutt, thin skeletal structure 1, strong-willed 2,
sense surroundings 1, strong 2, acidic bite, eyeballs 3, pseudopods 1, tendrils,
MP-powered wands, noise suppression
}: 1/15 runes: slimy
a: Renounce Religion, Oozemancy, Slimify


You were on level 2 of the Spider Nest.
You worshipped Jiyva.
Jiyva was exalted by your worship.
You visited 4 branches of the dungeon, and saw 21 of its levels.
You also visited: Ossuary, Ice Cave and Volcano.

You collected 1834 gold pieces.

Inventory:

Hand Weapons
 a - a +4 battleaxe of electrocution (weapon)
 o - a +0 trident of protection
 q - a +0 whip of electrocution
 r - a +3 trident
 y - a +0 morningstar of venom
 C - the +7 trident of Ockamyp {freeze, *Slow Fly rElec}
   (You found it on level 7 of the Dungeon)

   It freezes those it strikes, dealing additional cold damage.
   It can also slow down cold-blooded creatures.
   rElec:     It insulates you from electricity.
   Fly:       It grants you flight.
   *Slow:     It may slow you when you take damage.
Missiles
 L - 61 arrows
Armour
 b - a scarf of repulsion (worn)
 c - a +0 buckler
 i - a +0 pair of boots (worn)
 B - the +13 crystal plate armour "Atuih" (worn) {Contam rElec rF+}
   (You found it on level 7 of the Dungeon)

   rF:        It protects you from fire.
   rElec:     It insulates you from electricity.
   Contam:    It causes magical contamination when unequipped.
 E - a +0 pair of gloves of infusion (worn)
Jewellery
 l - the ring of the Locust (right hand) {AC+4 Slay+5}
   (You found it on level 5 of the Pits of Slime)

   [ring of protection]

   AC:        It affects your AC (+4).
   Slay:      It affects your accuracy & damage with ranged weapons and melee
   (+5).
 D - a ring of positive energy (left hand)
Wands
 m - a wand of polymorph (12)
Scrolls
 f - a scroll of silence
 g - a scroll of vulnerability
 n - 3 scrolls of fog
 p - a scroll of amnesia
 s - 4 scrolls of holy word
 v - 2 scrolls of magic mapping
 x - 4 scrolls of teleportation
 I - 3 scrolls of fear {unknown}
 J - 2 scrolls of enchant armour {unknown}
 K - 2 scrolls of enchant weapon {unknown}
 O - a scroll of brand weapon {unknown}
Potions
 d - 3 potions of might
 e - a potion of magic
 h - a potion of invisibility {unknown}
 k - 3 potions of haste {unknown}
 t - 5 potions of flight
 u - 2 potions of curing
 w - a potion of attraction {unknown}
 z - a potion of resistance {unknown}
 A - a potion of berserk rage {unknown}
 F - 3 potions of mutation {unknown}
 G - 2 potions of cancellation
 M - a potion of lignification {unknown}
Miscellaneous
 N - a box of beasts


   Skills:
 + Level 15.9 Fighting
 + Level 20.9(21.6) Axes
 + Level 6.0(14.9) Maces & Flails
 + Level 8.1(15.7) Polearms
 + Level 14.4 Armour
 + Level 5.5 Shields


You had 13 spell levels left.
You didn't know any spells.
Your spell library was empty.

Dungeon Overview and Level Annotations

Branches:
Dungeon (8/15)             Temple (0/1) D:7            Lair (6/6) D:8
  Swamp (0/4) Lair:3       Spider (2/4) Lair:2        Slime (5/5) Lair:5
Ossuary (visited)           IceCv (visited)         Volcano (visited)

Altars:
Makhleb
Ru
Uskayaw
Jiyva

Annotations:
Lair:5 1 runed translucent door, Kaofid's ghost, journeyman GrEE
Spider:2 Arachne
Slime:5 Royal Jelly


Innate Abilities, Weirdness & Mutations

You have a pair of horns on your head.
You reflexively headbutt those who attack you in melee.
You have a somewhat thin skeletal structure. (Dex +2, Stealth+)
You are highly strong-willed. (Will++)
You passively map a small area around you.
Your muscles are very strong. (Str +4)
You have acidic saliva.
Your body is covered in eyes which may confuse attackers. (Acc +7, SInv)
Armour fits poorly on your pseudopods.
You are covered in slimy tendrils that may disarm your opponents.
You expend magic power (3 MP) to strengthen your wands.
You passively dampen the noise of your surroundings.


Message History

The entropy weaver closely misses the jumping spider. x2
The entropy weaver hits the jumping spider!
The entropy weaver barely misses the jumping spider.
The wall burns Arachne!
There is a web here.
You have 1834 gold pieces.
Okay, then.
Okay, then.
Okay, then.
Unknown command.
A thick mucus forms on your +4 battleaxe of electrocution.
You feel very sick.
The walls burn the redback!
The redback barely misses you.
The eyeballs on your body gaze at the redback.
The wall burns Arachne!
Arachne says, "No one escapes my webs."
The jumping spider leaps!
The walls burn the redback!
The redback bites you but does no damage.
The walls burn Arachne!
Arachne casts a spell at you. The poison arrow hits you!!
You are more poisoned.
* * * LOW HITPOINT WARNING * * *
The wall burns the entropy weaver!
Okay, then.
Okay, then.
Blink to where?
Press: ? - help, Dir - move target
As you read the scroll of blinking, it crumbles to dust.
You feel extremely sick.
The walls burn the redback!
The redback bites the entropy weaver.
The entropy weaver looks as sick as possible!
The redback poisons the entropy weaver!
The redback barely misses itself.
The walls burn Arachne!
The jumping spider leaps!
The wall burns the entropy weaver!
The wall burns the torpor snail!
The walls burn the redback!
The wall burns the redback!
You feel extremely sick.
The wall burns the redback!
Arachne hits you but does no damage. Arachne envenoms you!!
You die...

#......<.......##*
#..#......###### *
* , * ##
###..##.....#
#.##......#, , , ,
,..#....##### * ^
...^#...#....# , ,
##..#.^.#....#. ,
, #.###..#...### ,
, ## #.###@.#.^# ^
#. #H###.#..# , #
#..#.## .#, * * ,
, #s.#ss#, # * , *
#w.†##.s# ^ ^
#.y#..B###s..
#...#.^# .#.. ,
.s#...##.. *s. ,
..y#... *### .. ,


You could see Arachne, a torpor snail, a hornet and a redback (confused).

Vanquished Creatures
  Mlioglotl (Spider:1)
  An emperor scorpion (Spider:1)
  Aizul (Spider:1)
  A broodmother (Spider:1)
  An entropy weaver (Spider:2)
  5 spark wasps
  5 hydras
  3 boulder beetles
  A centaur warrior (Volcano)
  A death knight (D:8)
  2 catoblepae
  A deep troll shaman (Lair:6)
  A hell knight (Volcano)
  8 death yaks
  A pharaoh ant (Spider:1)
  2 orb spiders (Spider:1)
  A bog body (IceCv)
  A deep elf pyromancer (D:7)
  A lindwurm (Lair:6)
  A necromancer (IceCv)
  2 ugly things
  3 wolf spiders (Spider:1)
  16 elephants
  2 ice statues (IceCv)
  8 black mambas
  A gargoyle (D:7)
  An unseen horror (D:8)
  2 demonic crawlers
  9 cane toads
  8 komodo dragons
  A yaktaur (Volcano)
  3 rime drakes
  7 ice devils (IceCv)
  An efreet (D:8)
  2 anaconda simulacra (IceCv)
  4 meliai
  A polar bear (Lair:6)
  2 tarantellas (Spider:1)
  12 blink frogs
  6 dream sheep (Lair:6)
  A meliai zombie (D:7)
  12 jumping spiders
  Sigmund (D:2)
  3 culicivoras
  A vampire (D:6)
  48 yaks
  3 wyverns
  5 basilisks
  2 wraiths (Ossuary)
  3 dire elephant simulacra (IceCv)
  10 redbacks
  5 harpy simulacra (IceCv)
  2 death yak simulacra
  15 water moccasins
  A sky beast (D:5)
  3 black bears
  An ice beast (D:8)
  15 wolves
  3 ogres
  8 centaurs
  A phantom (D:7)
  A kobold brigand (D:6)
  5 bullfrogs
  A two-headed ogre simulacrum (IceCv)
  A scorpion (D:6)
  A water moccasin skeleton (D:6)
  An elephant simulacrum (IceCv)
  9 killer bees
  12 wights
  3 electric eels
  3 orc priests
  A hound (D:7)
  A bullfrog skeleton (D:6)
  4 centaur skeletons
  3 orc wizards
  A hound skeleton (D:4)
  5 adders
  A shadow imp (D:8)
  2 white imps
  3 ufetubi
  2 adder zombies
  A worm (D:2)
  3 dart slugs
  20 orcs
  2 ball pythons
  5 bats
  An endoplasm (D:1)
  A giant cockroach (D:1)
  6 hobgoblins
  2 jackals (D:3)
  3 quokkas
  3 ball python skeletons (Ossuary)
  6 frilled lizards
  2 goblins
  A hobgoblin skeleton (Ossuary)
  3 hobgoblin zombies (Ossuary)
  8 kobolds
  A kobold zombie (Ossuary)
  An orc zombie (Ossuary)
  6 rats
  2 butterflies (Lair:2)
410 creatures vanquished.

Vanquished Creatures (others)
  A centaur zombie (D:6)
  A torpor snail (Lair:6)
  A steam dragon (D:6)
  3 water moccasins
  A sky beast (D:8)
  A necrophage (D:7)
  A bullfrog (Lair:3)
  A scorpion (D:6)
  A killer bee (D:8)
  A wight (D:6)
  45 jellies
  A centaur skeleton (D:6)
  An iguana (D:3)
  A howler monkey skeleton (D:5)
  4 adders
  4 endoplasms
  2 giant cockroaches (D:3)
  3 goblins (D:3)
  A hobgoblin (D:3)
  A frilled lizard (D:3)
  2 kobolds
  2 rats (D:3)
  74 fungi
  89 plants
242 creatures vanquished.

Grand Total: 652 creatures vanquished

Notes
Turn   | Place    | Note
-------+----------+-------------------------------------------
     0 | D:1      | Exodus22XD the Minotaur Fighter began the quest for the
                  | Orb.
     0 | D:1      | Reached XP level 1. HP: 19/19 MP: 0/0
   250 | D:1      | Reached XP level 2. HP: 27/27 MP: 1/1
   943 | D:1      | Found a faded altar of an unknown god.
  1188 | D:1      | Prayed at the altar of an unknown god.
  1188 | D:1      | Became a worshipper of Jiyva Jahasaq the Shapeless
  1188 | D:1      | Reached * piety under Jiyva
  1333 | D:2      | Reached skill level 3 in Axes
  1333 | D:2      | Reached XP level 3. HP: 29/33 MP: 2/2
  1358 | D:2      | Found a burning altar of Makhleb.
  1379 | D:2      | Reached ** piety under Jiyva
  1424 | D:2      | Noticed Sigmund
  1434 | D:2      | Killed Sigmund
  1435 | D:2      | Reached skill level 4 in Axes
  1435 | D:2      | Reached XP level 4. HP: 34/41 MP: 3/3
  1435 | D:2      | Reached XP level 5. HP: 39/47 MP: 4/4
  1972 | D:3      | Reached skill level 5 in Armour
  1989 | D:3      | Reached skill level 5 in Axes
  1996 | D:3      | Noticed an ogre
  2020 | D:3      | Killed an ogre
  2021 | D:3      | Reached skill level 5 in Fighting
  2021 | D:3      | Reached XP level 6. HP: 35/56 MP: 5/5
  2103 | D:3      | Reached *** piety under Jiyva
  2161 | D:3      | Gained mutation: Your body has grown eyes which may confuse
                  | attackers. (Acc +3) [Jiyva's grace]
  2161 | D:3      | Gained mutation: Your body has grown many eyes which may
                  | confuse attackers. (Acc +5) [Jiyva's grace]
  2161 | D:3      | Gained mutation: Your body is covered in eyes which may
                  | confuse attackers. (Acc +7, SInv) [Jiyva's grace]
  2161 | D:3      | Gained mutation: You passively map a small area around you.
                  | [Jiyva's grace]
  2692 | D:4      | Noticed a +0 dagger
  2693 | D:4      | Noticed a +0 hand axe
  2695 | D:4      | Found a hide-covered altar of Uskayaw.
  2723 | D:4      | Reached **** piety under Jiyva
  2930 | D:4      | Identified the +1 robe "Feyj" {rElec}
  2962 | D:4      | Reached skill level 6 in Axes
  3233 | D:4      | Reached ***** piety under Jiyva
  3484 | D:5      | Entered Level 5 of the Dungeon
  3587 | D:5      | Noticed a water moccasin
  3594 | D:5      | Killed a water moccasin
  3595 | D:5      | Reached XP level 7. HP: 61/61 MP: 3/6
  3719 | D:5      | Gained mutation: Your flesh is heat resistant. (rF+)
                  | [Jiyva's grace]
  3719 | D:5      | Gained mutation: Your flesh is very heat resistant. (rF++)
                  | [Jiyva's grace]
  3719 | D:5      | Gained mutation: Your flesh is almost immune to the effects
                  | of heat. (rF+++) [Jiyva's grace]
  3719 | D:5      | Gained mutation: You have large cloven feet. [Jiyva's
                  | grace]
  3740 | D:5      | Reached skill level 7 in Axes
  4361 | D:6      | Killed a steam dragon
  4519 | D:6      | Noticed a vampire
  4525 | D:6      | Killed a vampire
  4526 | D:6      | Reached skill level 8 in Axes
  4526 | D:6      | Reached XP level 8. HP: 53/70 MP: 7/7
  5061 | D:7      | Reached skill level 9 in Axes
  5156 | D:7      | Found a sand-covered staircase.
  5181 | Ossuary  | Entered an ossuary
  5266 | Ossuary  | Noticed a flying skull
  5279 | Ossuary  | Noticed a flying skull
  5286 | Ossuary  | Noticed a flying skull
  5305 | Ossuary  | Reached skill level 10 in Axes
  5317 | Ossuary  | Noticed a flying skull
  5333 | Ossuary  | Noticed a flying skull
  5347 | Ossuary  | Reached XP level 9. HP: 67/78 MP: 8/8
  5523 | D:7      | Noticed a boulder beetle
  5532 | D:7      | Killed a boulder beetle
  5533 | D:7      | Reached skill level 11 in Axes
  5540 | D:7      | Noticed a gargoyle
  5550 | D:7      | Killed a gargoyle
  5560 | D:7      | Noticed a deep elf pyromancer
  5564 | D:7      | Reached skill level 12 in Axes
  5564 | D:7      | Identified the +0 ring mail of the Volcano {Drain Int+5
                  | SInv}
  5568 | D:7      | Killed a deep elf pyromancer
  5571 | D:7      | Found the +3 giant club "Skullcrusher" {speed, Str+7}
  5572 | D:7      | Identified the +13 crystal plate armour "Atuih" {Contam
                  | rElec rF+}
  5575 | D:7      | Noticed a green ugly thing
  5575 | D:7      | Noticed a komodo dragon
  5586 | D:7      | Killed a komodo dragon
  5587 | D:7      | Reached XP level 10. HP: 27/90 MP: 9/9
  5590 | D:7      | Killed a green ugly thing
  5613 | D:7      | Identified the +7 trident of Ockamyp {freeze, *Slow Fly
                  | rElec}
  5741 | D:7      | Found a staircase to the Ecumenical Temple.
  5865 | D:7      | Reached skill level 13 in Axes
  5984 | D:7      | Lost mutation: Your flesh is almost immune to the effects
                  | of heat. (rF+++) [Jiyva's grace]
  5984 | D:7      | Gained mutation: You have a small jelly attached to you
                  | that may absorb projectiles. [Jiyva's grace]
  5984 | D:7      | Gained mutation: Your melee attacks may engulf your foes in
                  | ooze. [Jiyva's grace]
  5984 | D:7      | Gained mutation: You expend magic power (3 MP) to
                  | strengthen your wands. [Jiyva's grace]
  5984 | D:7      | Gained mutation: You are covered in slimy tendrils that may
                  | disarm your opponents. [Jiyva's grace]
  6305 | D:8      | Reached skill level 1 in Polearms
  6333 | D:8      | Noticed a death knight
  6340 | D:8      | Noticed a green ugly thing
  6347 | D:8      | Killed a green ugly thing
  6385 | D:8      | Killed a death knight
  6386 | D:8      | Reached skill level 5 in Shields
  6433 | D:8      | Noticed a boulder beetle
  6446 | D:8      | Noticed a death yak
  6448 | D:8      | Noticed a death yak
  6448 | D:8      | Noticed a death yak
  6465 | D:8      | Killed a boulder beetle
  6466 | D:8      | Reached skill level 10 in Armour
  6472 | D:8      | Killed a death yak
  6473 | D:8      | Reached skill level 10 in Fighting
  6473 | D:8      | Reached skill level 1 in Maces & Flails
  6482 | D:8      | Killed a death yak
  6483 | D:8      | Reached XP level 11. HP: 60/99 MP: 10/10
  6496 | D:8      | Killed a death yak
  6606 | D:8      | Found a staircase to the Lair.
  6977 | Lair:1   | Entered Level 1 of the Lair of Beasts
  7157 | Lair:1   | Reached ****** piety under Jiyva
  7178 | Lair:1   | Reached skill level 5 in Maces & Flails
  7220 | Lair:1   | Found a frozen archway.
  7246 | Lair:1   | You fall into a shaft and drop 1 floor!
  7321 | Lair:2   | Noticed a boulder beetle
  7337 | Lair:2   | Killed a boulder beetle
  7338 | Lair:2   | Reached skill level 14 in Axes
  7360 | Lair:2   | Found a hole to the Spider Nest.
  7388 | Lair:2   | Reached XP level 12. HP: 94/110 MP: 0/11
  7395 | Lair:2   | Reached skill level 15 in Axes
  7562 | IceCv    | Entered an ice cave
  7768 | IceCv    | Reached skill level 16 in Axes
  8442 | Lair:2   | Lost mutation: Your flesh is very heat resistant. (rF++)
                  | [Jiyva's grace]
  8442 | Lair:2   | Lost mutation: Your body is covered in eyes which may
                  | confuse attackers. (Acc +7, SInv) [Jiyva's grace]
  8442 | Lair:2   | Lost mutation: Your body has grown many eyes which may
                  | confuse attackers. (Acc +5) [Jiyva's grace]
  8442 | Lair:2   | Lost mutation: You have a small jelly attached to you that
                  | may absorb projectiles. [Jiyva's grace]
  8442 | Lair:2   | Lost mutation: Your melee attacks may engulf your foes in
                  | ooze. [Jiyva's grace]
  8442 | Lair:2   | Gained mutation: You have acidic saliva. [Jiyva's grace]
  8442 | Lair:2   | Gained mutation: You have a small jelly attached to you
                  | that may absorb projectiles. [Jiyva's grace]
  8442 | Lair:2   | Gained mutation: You have hidden genetic potential.
                  | [Jiyva's grace]
  8442 | Lair:2   | Gained mutation: You have great hidden genetic potential.
                  | [Jiyva's grace]
  8838 | Lair:3   | Found a sacrificial altar of Ru.
  8922 | Lair:3   | Found a staircase to the Swamp.
  9228 | Lair:3   | Noticed a catoblepas
  9235 | Lair:3   | Killed a catoblepas
  9666 | Lair:4   | Reached skill level 17 in Axes
  9713 | Lair:4   | Noticed a six-headed hydra
  9719 | Lair:4   | Killed a six-headed hydra
  9802 | Lair:4   | Reached XP level 13. HP: 119/122 MP: 10/12
  9819 | Lair:4   | Identified a scroll of acquirement
  9851 | Lair:4   | Acquired 1157 gold pieces
 10503 | Lair:5   | Lost mutation: You have large cloven feet. [Jiyva's grace]
 10503 | Lair:5   | Lost mutation: Your flesh is heat resistant. (rF+) [Jiyva's
                  | grace]
 10503 | Lair:5   | Lost mutation: You have great hidden genetic potential.
                  | [Jiyva's grace]
 10503 | Lair:5   | Lost mutation: You have a small jelly attached to you that
                  | may absorb projectiles. [Jiyva's grace]
 10503 | Lair:5   | Gained mutation: Your muscles are strong. (Str +2) [Jiyva's
                  | grace]
 10503 | Lair:5   | Gained mutation: Your muscles are very strong. (Str +4)
                  | [Jiyva's grace]
 10503 | Lair:5   | Gained mutation: You have a pair of large horns on your
                  | head. [Jiyva's grace]
 10503 | Lair:5   | Gained mutation: Armour fits poorly on your pseudopods.
                  | [Jiyva's grace]
 10586 | Lair:5   | Reached skill level 18 in Axes
 10696 | Lair:5   | Found a runed translucent door.
 10719 | Lair:5   | Gained mutation: You have a somewhat thin skeletal
                  | structure. (Dex +2, Stealth+) [hidden potential]
 10973 | Lair:5   | Found a viscous altar of Jiyva.
 10973 | Lair:5   | Found a staircase to the Slime Pits.
 10983 | Slime:1  | Entered Level 1 of the Pits of Slime
 10983 | Slime:1  | Noticed a quicksilver ooze
 10984 | Slime:1  | Noticed an acid blob
 10987 | Slime:2  | Noticed a rockslime
 10987 | Slime:2  | Noticed a quicksilver ooze
 10989 | Slime:2  | Noticed an azure jelly
 11000 | Slime:3  | Noticed an acid blob
 11000 | Slime:3  | Noticed an acid blob
 11001 | Slime:3  | Noticed an acid blob
 11015 | Slime:4  | Noticed a quicksilver ooze
 11022 | Slime:5  | Entered Level 5 of the Pits of Slime
 11022 | Slime:5  | Noticed a rockslime
 11040 | Slime:5  | Noticed a rockslime
 11041 | Slime:5  | Found a viscous altar of Jiyva.
 11042 | Slime:5  | Noticed an acid blob
 11042 | Slime:5  | Found the +8 storm bow {elec, penet}
 11042 | Slime:5  | Noticed the Royal Jelly
 11043 | Slime:5  | Noticed an acid blob
 11044 | Slime:5  | Noticed an acid blob
 11044 | Slime:5  | Noticed a quicksilver ooze
 11044 | Slime:5  | Noticed an acid blob
 11045 | Slime:5  | Noticed an azure jelly
 11045 | Slime:5  | Noticed a rockslime
 11046 | Slime:5  | Noticed a quicksilver ooze
 11047 | Slime:5  | Noticed an acid blob
 11048 | Slime:5  | Noticed a rockslime
 11049 | Slime:5  | Got a slimy rune of Zot
 11051 | Slime:5  | Noticed an acid blob
 11057 | Slime:5  | Identified the +11 dagger of the Globe {flame, rC+ Int+5}
 11059 | Slime:5  | Identified the ring of the Locust {AC+4 Slay+5}
 11062 | Slime:5  | Noticed an acid blob
 11069 | Slime:5  | Identified the +1 fire dragon scales "Odeled" {+Blink rF++
                  | rC-}
 11078 | Slime:5  | Identified the +6 mace "Qizuhoun" {freeze, rElec rC-
                  | Stlth+}
 11079 | Slime:5  | Identified the +1 trident of the Thirsty Friars {freeze,
                  | rElec rCorr Str+3 Stlth-}
 11084 | Slime:5  | Noticed an azure jelly
 11120 | Slime:4  | Noticed an azure jelly
 11137 | Slime:2  | Noticed a rockslime
 11137 | Slime:2  | Noticed a quicksilver ooze
 11137 | Slime:2  | Noticed a rockslime
 11141 | Slime:2  | Noticed an acid blob
 11160 | Lair:6   | Entered Level 6 of the Lair of Beasts
 11416 | Lair:6   | Reached skill level 19 in Axes
 11424 | Lair:6   | Identified the +2 robe "Eqozuxeu" {rPois}
 11456 | Lair:6   | Lost mutation: You have a pair of large horns on your head.
                  | [Jiyva's grace]
 11456 | Lair:6   | Gained mutation: Your body has grown many eyes which may
                  | confuse attackers. (Acc +5) [Jiyva's grace]
 11456 | Lair:6   | Gained mutation: Your body is covered in eyes which may
                  | confuse attackers. (Acc +7, SInv) [Jiyva's grace]
 11456 | Lair:6   | Gained mutation: You are strong-willed. (Will+) [Jiyva's
                  | grace]
 11456 | Lair:6   | Gained mutation: You are highly strong-willed. (Will++)
                  | [Jiyva's grace]
 11568 | Lair:6   | Found a dark tunnel.
 11576 | Volcano  | Entered a volcano
 11595 | Volcano  | Found a radiant altar of Vehumet.
 11604 | Volcano  | Reached XP level 14. HP: 85/133 MP: 10/13
 12038 | Lair:6   | Reached skill level 20 in Axes
 12058 | Lair:6   | Gained mutation: You passively dampen the noise of your
                  | surroundings. [hidden potential]
 12058 | Lair:6   | Lost mutation: You have hidden genetic potential. [hidden
                  | potential expressed]
 12173 | Lair:5   | Identified the +2 spear of Exodus22XD's Woe {antimagic,
                  | Will+ Str+2 Int+3}
 12174 | Lair:5   | Noticed Kaofid's ghost (journeyman GrEE)
 12252 | Spider:1 | Entered Level 1 of the Spider Nest
 12300 | Spider:1 | Noticed a broodmother
 12301 | Spider:1 | Noticed Aizul
 12310 | Spider:1 | Killed Aizul
 12310 | Spider:1 | Killed a broodmother
 12311 | Spider:1 | Reached skill level 15 in Fighting
 12726 | Spider:1 | Noticed Mlioglotl
 12738 | Spider:1 | Killed Mlioglotl
 12807 | Spider:1 | Noticed an emperor scorpion
 12816 | Spider:1 | Killed an emperor scorpion
 13012 | Spider:2 | Noticed Arachne
 13024 | Spider:2 | Slain by Arachne

Illustrated notes

Levels and vault maps discovered:
D:1:      lemuel_arrival_broad_hall, layout_loops_corners,
          shapermc_ecumenical_altar_hornbeckon
D:2:      layout_loops_ring, basic_altar, uniq_sigmund
D:3:      layout_loops_corners, minmay_joined_circles
D:4:      layout_basic, dancing_weapons_uskayaw, chequers_serial_rivers_marsh,
          minmay_misc_feat_ornament
D:5:      layout_basic, uniq_grinder
D:6:      layout_loops_corners, lexackson_kobold_supper
D:7:      minmay_the_grid_octo_triangle [minmay_the_grid_octo_odd_swirl,
          minmay_the_grid_octo_prize_single_spiral,
          minmay_the_grid_octo_fat_diamond], layout_gridville,
          minmay_temple_entry_tees, nicolae_ossuary_entry_ruins
D:8:      layout_rooms, dpeg_lair_monsters, minmay_statues_item,
          minmay_diamond_spiral
Lair:1:   layout_misc_corridors, portal_ice_cave_entry_ice_simulacra,
          infiniplex_staircase_pool
Lair:2:   layout_regular_city, hellmonk_spider_entry_not_the_bees,
          serial_rivers, chequers_serial_rivers_micro_e,
          chequers_serial_rivers_small_b, chequers_serial_rivers_room_b,
          chequers_serial_rivers_small_b, serial_bayou_shore_a,
          lemuel_fruit_fields
Lair:3:   layout_cave_pods, swamp_mist, basic_altar
Lair:4:   layout_big_grid, nicolae_lair_grove_arrangements
Lair:5:   layout_cave_shapes, dpeg_slime_entry_enclosed_altar,
          ebering_ghost_funeral_grove, lemuel_fruit_fields
Lair:6:   grunt_lair_end_beastmaster, layout_regular_city,
          lightli_volcano_entry_magma_tube, grunt_megastairs_5,
          lemuel_fruit_tree
Spider:1: layout_cave_pods, nicolae_spider_bzzzt, uniq_aizul, uniq_mlioglotl
Spider:2: nicolae_spider_mines_3, nicolae_spider_circle_web,
          hangedman_spider_trapstep, uniq_arachne
Slime:1:  layout_caves
Slime:2:  layout_caves
Slime:3:  layout_caves
Slime:4:  layout_caves
Slime:5

Skill      XL: |  1  2  3  4  5  6  7  8  9 10 11 12 13 14 |
---------------+-------------------------------------------+-----
Armour         | 4 5 6 7 8 9 10 11 13 14 | 14.4
Fighting       | 4 5 7 8 10 11 13 14 15 | 15.9
Axes           | 3 4 5 6 8 10 12 13 14 17 19 20 | 20.9
Shields        | 4 5 |  5.5
Polearms       | 6 7 8 |  8.1
Maces & Flails | 1 6 |  6.0

Action                   |  1- 3 |  4- 6 |  7- 9 | 10-12 | 13-15 || total
-------------------------+-------+-------+-------+-------+-------++-------
Melee: War axe           |    59 |    66 |   133 |     8 |       ||   266
       Headbutt          |     8 |    10 |    28 |    94 |    79 ||   219
       Trident           |       |       |       |   115 |    11 ||   126
       Morningstar       |       |       |       |    90 |       ||    90
       Battleaxe         |       |       |       |   225 |   315 ||   540
       Bite              |       |       |       |     6 |    43 ||    49
       Pseudopods        |       |       |       |       |    65 ||    65
Invok: Oozemancy         |       |     1 |     3 |       |     1 ||     5
       Slimify           |       |       |       |       |     2 ||     2
  Use: Scroll            |       |     1 |       |     6 |    10 ||    17
       Potion            |       |       |       |     1 |     2 ||     3
 Stab: Confused          |       |       |     5 |    17 |    10 ||    32
Armor: Scale mail        |    36 |    25 |    42 |       |       ||   103
       Crystal plate arm |       |       |       |   308 |   345 ||   653
Dodge: Dodged            |    20 |    26 |    57 |    75 |    91 ||   269
       Repelled          |       |       |       |     1 |     3 ||     4
Block: Buckler           |    11 |    12 |    10 |    26 |       ||    59
